AoeStats
← felixpinolmediano

Arabia

506730711Analyzed
1v1 RM · 18d ago on Sep 14, 2026· 20m 0s· 2 players
Game mode
Random Map
Map size
Tiny (2 player)
Population
200
Speed
Normal
Resources
Standard
Victory
Conquest
Starting age
Dark Age
Ending age
Imperial Age
RankedLock teamsTeams togetherTeam positionsShared explorationLock speedFull tech treeHidden civsTurbo modeCheats
Victory
Defeat
🇪🇸 Dravidians · Spain
827
+29
🇹🇷 Inca · Türkiye
820
-27
Baytar
12:05 Feudal Age
14:06 Horse Collar
14:13 Double-Bit Axe
15:17 Wheelbarrow
15:52 Gold Mining
felixpinolmediano
11:42 Feudal Age
12:11 Horse Collar
12:20 Double-Bit Axe
14:03 Man-at-Arms
18:11 Arson
18:30 Scale Mail Armor
18:41 Forging
Connection lost

Rejoining the realm…

Still unreachable

The connection could not be restored.

Session expired

The server has moved on; the page needs a fresh start.